 Dungeon Crawl Stone Soup version 0.31-a0-161-gb58dd9be76 (webtiles) character file.

Game seed: 8047774967217044179

682 Drazool the Grappler (level 7, -1/57 HPs)
             Began as a Ghoul Monk on June 12, 2023.
             Was a Believer of Makhleb.
             Slain by an orc warrior
             ... wielding a +0 glaive
              (12 damage)
             ... on level 5 of the Dungeon.
             The game lasted 00:09:03 (3798 turns).

Drazool the Grappler (Ghoul Monk)                   Turns: 3798, Time: 00:09:05

Health: -1/57      AC:  6    Str: 17      XL:     7   Next: 61%
Magic:  6/6        EV: 10    Int:  5      God:    Makhleb [**....]
Gold:   186        SH:  0    Dex: 10 (11) Spells: 6/6 levels left

rFire   . .          .
                       - Unarmed
rCold   + . .        c - orb {light}
rNeg    + + +        l - +0 scale mail
rPois   ∞            (no helmet)
rElec   .            (no cloak)
rCorr   .            (no gloves)
SInv    .            (no boots)
Will    .....        a - amulet of reflection Stlth
                     (no ring)
HPRegen 0.00/turn    (no ring)
MPRegen 0.10/turn

%: reflection
@: confused, weak-willed, attractive, enlightened, flying, inhibited regen,
glowing
A: claws 1, cold resistance 1, negative energy resistance 3, inhibited
regeneration, torment resistance 2, devour on kill
a: Renounce Religion, Minor Destruction


You were on level 5 of the Dungeon.
You worshipped Makhleb.
Makhleb was pleased with you.
You visited 2 branches of the dungeon, and saw 6 of its levels.

You collected 186 gold pieces.


Innate Abilities, Weirdness & Mutations

You are immune to poison.
You have sharp fingernails.
Your flesh is cold resistant. (rC+)
You are immune to negative energy. (rN+++)
You do not regenerate when monsters are visible.
You are immune to unholy pain and torment.
You thrive by killing the living.


   Skills:
 - Level 3.2 Fighting
 - Level 2.6 Dodging
 + Level 9.5 Unarmed Combat


You had 6 spell levels left.
You didn't know any spells.
Your spell library was empty.

Inventory:

Missiles
 h - 9 poisoned darts (quivered)
 n - 7 boomerangs
 v - 2 throwing nets {=f}
Armour
 c - an orb of light (worn)
 l - a +0 scale mail (worn)
 p - the +0 chain mail of Puckish Beauty {rPois rN+ rCorr}
   (You found it on level 3 of the Dungeon)

   rPois:     It protects you from poison.
   rN:        It protects you from negative energy.
   rCorr:     It protects you from acid and corrosion.
Jewellery
 a - an amulet of reflection (around neck)
 C - a ring of ice
Scrolls
 d - a scroll of noise
 j - 2 scrolls of teleportation {@r2}
 q - a scroll of blinking
 s - a scroll of fear
Potions
 b - a potion of ambrosia
 e - a potion of magic
 f - a potion of haste {unknown}
 i - a potion of lignification {unknown}
 m - 2 potions of invisibility
 t - a potion of might {unknown}

Dungeon Overview and Level Annotations

Branches:
Dungeon (5/15)             Temple (1/1) D:4

Altars:
Cheibriados
Dithmenos
Fedhas
Hepliaklqana
Kikubaaqudgha
Makhleb
Okawaru
Qazlal
Ru
Sif Muna
Wu Jian
Xom
Yredelemnul

Shops:
D:2

( ####...........≈~#
#..........≈~##
#...........≈##.
#...........~...
#..........~~##
#.......<..~~# #
#.........~≈.#
#..###.###.##≈≈≈...>
#..oo@.# #.# #≈...#.
.....so### #.. ...##
####... .. . ####
..... ## ..##.#. #
#.#. # ##


You could see an orc warrior, a scorpion, an orc wizard and an orc.


Message History

You closely miss the orc wizard.
The orc wizard is severely wounded.
The orc wizard casts a spell at you.
You are confused.
The orc hits you with a +0 whip.
The orc warrior hits you from afar with a +0 glaive!
It was a potion of magic.
Magic courses through your body.
The orc wizard hits you but does no damage.
The orc closely misses you. The orc warrior completely misses you.
It was a potion of enlightenment.
You feel very buoyant.
You fly up into the air.
The orc wizard hits you with a +0 dagger.
* * * LOW HITPOINT WARNING * * *
The orc barely misses you. The orc warrior barely misses you.
Unknown command.
It was a potion of attraction.
You feel attractive to monsters.
The orc wizard hits you but does no damage.
The orc warrior hits you from afar with a +0 glaive!
* * * LOW HITPOINT WARNING * * *
The orc hits you with a +0 whip.
* * * LOW HITPOINT WARNING * * *
It was a potion of mutation.
You feel extremely strange.
Your body decomposes!
You feel clumsy.
The orc wizard hits you with a +0 dagger.
* * * LOW HITPOINT WARNING * * *
The orc warrior hits you from afar with a +0 glaive!
You die...

Skill      XL: |  1  2  3  4  5  6  7 |
---------------+----------------------+-----
Unarmed Combat | 4 5 7 8 9 |  9.5
Fighting       | |  3.2
Dodging        | |  2.6

Action                     |  1- 3 |  4- 6 |  7- 9 || total
---------------------------+-------+-------+-------++-------
  Melee: Unarmed           |    70 |   111 |    82 ||   263
  Throw: Dart              |     2 |     2 |       ||     4
         Boomerang         |       |     1 |       ||     1
    Use: Potion            |       |     1 |     4 ||     5
         Scroll            |       |       |     7 ||     7
 Armour: Robe              |     9 |       |       ||     9
         Scale mail        |       |    73 |    32 ||   105
  Dodge: Dodged            |    31 |    96 |    43 ||   170
  Block: Orb               |       |       |     1 ||     1

Levels and vault maps discovered:
D:1:      arrival_aquarium_b, layout_rooms, minmay_misc_feat_iff
D:2:      layout_basic, serial_shops, shop, kennysheep_cluttered_room,
          minmay_lizard_king, uniq_terence, uniq_sigmund
D:3:      layout_basic, nicolae_dithmenos_shadow_blocks,
          nicolae_elyvilon_peaceful_grove, roderic_three_in_a_row,
          goddamned_bats, uniq_ijyb
D:4:      layout_basic, mainiacjoe_overflow_paths,
          minmay_temple_entry_glassed_door
D:5:      layout_rooms, cheibrodos_sewer_entry_drain, serial_rivers,
          chequers_serial_rivers_room_b, chequers_serial_rivers_large_b,
          chequers_serial_rivers_small_a, chequers_serial_rivers_small_b
Temple:   nicolae_temple_bog_church

Notes
Turn   | Place    | Note
-------+----------+-------------------------------------------
     0 | D:1      | Drazool the Ghoul Monk began the quest for the Orb.
     0 | D:1      | Reached XP level 1. HP: 19/19 MP: 0/0
     3 | D:1      | Noticed an electric eel
     4 | D:1      | Noticed an electric eel
   118 | D:1      | Reached XP level 2. HP: 26/26 MP: 1/1
   123 | D:1      | Reached skill level 4 in Unarmed Combat
   396 | D:1      | Reached XP level 3. HP: 31/31 MP: 2/2
   622 | D:2      | Found Fibraym's Weapon Emporium.
   655 | D:2      | Reached skill level 5 in Unarmed Combat
   765 | D:2      | Noticed Terence
   770 | D:2      | Killed Terence
   771 | D:2      | Reached XP level 4. HP: 31/38 MP: 3/3
  1222 | D:2      | Noticed Sigmund
  1245 | D:2      | Killed Sigmund
  1246 | D:2      | Reached skill level 7 in Unarmed Combat
  1246 | D:2      | Reached XP level 5. HP: 17/45 MP: 4/4
  1246 | D:2      | Reached XP level 6. HP: 19/51 MP: 5/5
  1486 | D:3      | Noticed Ijyb
  1498 | D:3      | Found a shadowy altar of Dithmenos.
  1634 | D:3      | Identified the +0 chain mail of Puckish Beauty {rPois rN+
                  | rCorr}
  1695 | D:3      | Killed Ijyb
  2449 | D:3      | Reached skill level 8 in Unarmed Combat
  2575 | D:3      | Reached XP level 7. HP: 57/57 MP: 6/6
  2771 | D:4      | Found a staircase to the Ecumenical Temple.
  2783 | Temple   | Entered the Ecumenical Temple
  2949 | Temple   | Became a worshipper of Makhleb the Destroyer
  2949 | Temple   | Reached * piety under Makhleb
  2949 | Temple   | Reached ** piety under Makhleb
  3073 | D:4      | Reached skill level 9 in Unarmed Combat
  3308 | D:4      | Found a sacrificial altar of Ru.
  3759 | D:5      | Entered Level 5 of the Dungeon
  3798 | D:5      | Slain by an orc warrior

Vanquished Creatures
  Sigmund (D:2)
  A kobold brigand (D:4)
  2 scorpions (D:4)
  A vampire bat (D:3)
  An orc wizard (D:3)
  Terence (D:2)
  Ijyb (D:3)
  2 adders
  2 ufetubi (D:4)
  2 worms
  2 dart slugs
  3 fire bats (D:3)
  11 orcs
  2 spectral bats (D:3)
  8 ball pythons
  3 bat skeletons (D:3)
  A bat zombie (D:3)
  5 endoplasms
  3 giant cockroaches (D:2)
  4 goblins
  6 hobgoblins
  9 jackals
  2 quokkas (D:4)
  13 bats
  A bat simulacrum (D:3)
  9 frilled lizards
  4 kobolds
  3 rats
103 creatures vanquished.

Table legend: (Time is in decaauts)
 A = Elapsed time spent in this place.
 B = Non-inter-level travel time spent in this place.
 C = Inter-level travel time spent in this place.
 D = Time resting spent in this place.
 E = Time spent auto-exploring this place.
 F = Levels seen in this place.
 G = Mean time per level.
                   A        B        C        D        E       F      G
               +--------+--------+--------+--------+--------+-----+--------+
         Total |   3770 |   3601 |    169 |    252 |   2662 |   6 |  628.3 |
       Dungeon |   3583 |   3427 |    156 |    252 |   2519 |   5 |  716.6 |
        Temple |    186 |    173 |     13 |      0 |    143 |   1 |  186.0 |
               +--------+--------+--------+--------+--------+-----+--------+

Top non-repeatable levels by time:
     D:3: 1185 daAuts
     D:2: 943 daAuts
     D:4: 889 daAuts
     D:1: 527 daAuts
  Temple: 186 daAuts
     D:5: 37 daAuts

Table legend:
 A = Non-vault XP
 B = Vault XP
 C = Vault XP percentage of total XP
 D = Non-vault monster count
 E = Vault monster count
 F = Vault count percentage of total count
                 A         B        C        D         E       F
            +---------+---------+-------+---------+---------+-------
      Total |     487 |     488 |  50.1 |      73 |      30 |  29.1
            +---------+---------+-------+---------+---------+-------
        D:1 |      40 |       0 |   0.0 |      22 |       0 |   0.0
        D:2 |      38 |     274 |  87.8 |      13 |       9 |  40.9
        D:3 |      59 |     214 |  78.4 |      11 |      21 |  65.6
        D:4 |     347 |       0 |   0.0 |      26 |       0 |   0.0
        D:5 |       3 |       0 |   0.0 |       1 |       0 |   0.0
            +---------+---------+-------+---------+---------+-------
